 Dungeon Crawl Stone Soup version 0.27.1-3-gb3d3a73c9e (webtiles) character file.

Game seed: 2633740000719303330

18659 Descartes the Grappler (level 12, -8/114 HPs)
             Began as a Troll Chaos Knight on Oct 22, 2021.
             Was a Plaything of Xom.
             Killed from afar by a starcursed mass (9 damage)
             ... with an accursed screaming
             ... on level 2 of the Abyss.
             The game lasted 00:30:09 (8532 turns).

Descartes the Grappler (Troll Chaos Knight)         Turns: 8532, Time: 00:30:10

Health: -8/114     AC:  9    Str: 19    XL:     12   Next: 29%
Magic:  8/8        EV: 13    Int: -2 (4) God:    Xom [...*..]
Gold:   469        SH:  0    Dex: 21    Spells: 11/11 levels left

rFire    + . .     SeeInvis .   Y - +4 morningstar (holy)
rCold    + . .     Faith    .   F - +0 kite shield
rNeg     . . .     Spirit   .   B - +0 steam dragon scales
rPois    +         Reflect  .   (helmet restricted)
rElec    .         Harm     .   W - +0 cloak {rPois}
rCorr    .         Rampage  .   (gloves unavailable)
Will     .....     Rnd*Tele +   (boots unavailable)
Stlth    ++........             j - amulet of regeneration
HPRegen  2.29/turn              f - +6 ring of dexterity
MPRegen  0.11/turn              u - ring of protection from cold

@: confused, ambrosia-drunk, unable to read, slowed, lost intelligence, very
slow
A: large, unfitting armour, claws 3, regeneration 1, shaggy fur 2, tough skin 1,
thin skeletal structure 1, fire resistance 1, poison resistance, robust 1,
screaming 1, [dopey 2], [low mp 2], [teleportitis 3], [weak 2], [no potion heal
2], [inability to read while threatened]
a: Renounce Religion


You were on level 2 of the Abyss.
You worshipped Xom.
You were a favourite toy of Xom.
You visited 2 branches of the dungeon, and saw 12 of its levels.
You visited the Abyss 1 time.
You also visited: Sewer and Ossuary.

You collected 596 gold pieces.
You spent 127 gold pieces at shops.

Inventory:

Hand Weapons
 J - the +7 rapier of the Lost Suns {freeze, rElec rF- Will++}
   (You found it on level 7 of the Dungeon)

   It freezes those it strikes, dealing additional cold damage.
   It can also slow down cold-blooded creatures.
   rF:        It makes you vulnerable to fire.
   rElec:     It insulates you from electricity.
   Will:      It greatly increases your willpower.
 M - a +1 shortbow of flaming
 T - a +3 scimitar of flaming
 Y - a +4 morningstar of holy wrath (weapon)
Missiles
 d - 187 stones (quivered)
 e - 165 arrows
 i - 73 poisoned darts
 k - 9 large rocks
 m - 24 boomerangs
 K - 54 sling bullets
Armour
 a - a +2 robe
 B - +0 steam dragon scales (worn)
 D - a +0 tower shield
 F - a +0 kite shield (worn)
 U - a +2 cloak
 W - a +0 cloak of poison resistance (worn)
Jewellery
 f - a +6 ring of dexterity (left claw)
 j - an amulet of regeneration (around neck)
 u - a ring of protection from cold (right claw)
 y - an amulet of reflection
 L - a ring of resist corrosion
 N - an amulet of guardian spirit
Wands
 g - a wand of mindburst (9)
 s - a wand of polymorph (9)
 v - a wand of paralysis (13)
 I - a wand of flame (35)
Scrolls
 b - 3 scrolls of teleportation
 h - 3 scrolls of blinking
 l - 2 scrolls of enchant armour
 r - a scroll of magic mapping
 t - 3 scrolls of amnesia
 w - a scroll of torment
 E - 2 scrolls of silence
 G - 2 scrolls of enchant weapon
 H - 2 scrolls of summoning
 O - a scroll of vulnerability
 S - a scroll of fog
 Z - a scroll of holy word {unknown}
Potions
 c - 7 potions of curing
 o - a potion of ambrosia
 p - 2 potions of attraction
 q - 2 potions of lignification
 x - 2 potions of haste {unknown}
 z - 3 potions of brilliance {unknown}
 A - a potion of mutation {unknown}
 C - 4 potions of berserk rage
 P - a potion of might {unknown}
 Q - a potion of cancellation {unknown}
 R - a potion of heal wounds
 X - a potion of flight {unknown}
Miscellaneous
 n - a condenser vane
 V - a phial of floods


   Skills:
 - Level 2.4 Fighting
 - Level 4.0(4.6) Short Blades
 + Level 3.1(4.1) Long Blades
 + Level 1.5 Maces & Flails
 + Level 7.4 Throwing
 - Level 5.0 Dodging
 - Level 5.0 Stealth
 + Level 9.4 Shields
 - Level 10.0 Unarmed Combat


You had 11 spell levels left.
You didn't know any spells.
Your spell library contained the following spells:

 Spells                   Type           Power      Damage    Failure   Level
 Animate Skeleton         Necr           0%         N/A       58%         1
 Pain                     Necr           0%         1d4       58%         1
 Corpse Rot               Necr/Air       N/A        N/A       75%         2
 Poisonous Vapours        Pois/Air       0%         N/A       75%         2
 Slow                     Hex            0%         N/A       75%         2
 Static Discharge         Conj/Air       0%         N/A       75%         2
 Confusing Touch          Hex            0%         N/A       92%         3
 Vampiric Draining        Necr           0%         2d6       92%         3
 Dispel Undead            Necr           0%         3d6       100%        4
 Sticky Flame             Conj/Fire      0%         2d3       100%        4
 Freezing Cloud           Conj/Ice/Air   0%         6-21      100%        5
 Yara's Violent Unravell  Hex/Tmut       0%         3d3       100%        5


Dungeon Overview and Level Annotations

Branches:
Dungeon (11/15)            Temple (1/1) D:4            Lair (0/6) D:9
  Sewer (visited)         Ossuary (visited)
    Orc: D:9-12

Altars:
Ashenzari
Cheibriados
Dithmenos
Elyvilon
Fedhas
Gozag
Hepliaklqana
Kikubaaqudgha
Makhleb
Nemelex Xobeh
Okawaru
Qazlal
Ru
Sif Muna
Trog
Uskayaw
Vehumet
Wu Jian
Xom
Yredelemnul
Zin
The Shining One

Shops:
D:1 *   D:4 *   D:6 *


Innate Abilities, Weirdness & Mutations

You are too large for most types of armour.
You have claws for hands.
Your natural rate of healing is unusually fast.
You are covered in thick fur. (AC +2)
You have tough skin. (AC +1)
You have a somewhat thin skeletal structure. (Dex +2, Stealth+)
Your flesh is heat resistant. (rF+)
Your system is resistant to poisons. (rPois)
You are robust. (+10% HP)
You occasionally shout uncontrollably at your foes.
[You are very dopey. (Int -4)]
[Your magical capacity is very low. (-20% MP)]
[You are often teleported next to monsters.]
[You are very weak. (Str -4)]
[Potions cannot restore your health.]
[You sometimes lose the ability to read scrolls when taking damage.]


Message History

The wretched star pulses with an eldritch light!
You feel less energetic. x2
Your quasit twists and deforms.
A starcursed mass splits.
The wretched star pulses with an eldritch light!
You lose the ability to read scrolls when threatened.
Your quasit twists and deforms.
Your quasit bites the wretched star but does no damage.
Your quasit misses the wretched star.
Your quasit claws the wretched star but does no damage.
Something hits your quasit!
Your quasit dies!
A starcursed mass splits.
The wretched star pulses with an eldritch light!
Your system partially rejects the healing effects of potions.
Your system completely rejects the healing effects of potions.
You are confused.
Your system rejects the healing.
You feel invigorated. A chorus of shrieks assaults your mind.
You feel threatened and lose the ability to read scrolls!
* * * LOW HITPOINT WARNING * * *
The wretched star glows turbulently.
The lance of force hits you!
* * * LOW HITPOINT WARNING * * *
You are knocked back by the lance of force.
You slam into the rock wall!
* * * LOW HITPOINT WARNING * * *
A starcursed mass splits.
You hit the wretched star.
The wretched star is lightly damaged.
The wretched star glows turbulently.
The lance of force hits you!
* * * LOW HITPOINT WARNING * * *
You are knocked back by the lance of force.
You slam into the stone wall!
* * * LOW HITPOINT WARNING * * *
The starcursed mass closely misses you. A chorus of shrieks assaults your mind.
You die...
Xom titters!

# # #. .#. # #
ยง .# ..#####X#
## ##@XXX# #
..#*#*#..# #
.##.......# .# .
#...#.##..z#.#.
###.#.. #.#... #
#..##. ###(#..#
#.##....#....###
. # .#.. . ..# .
# #..#..##*.#.#
. #


You could see 4 starcursed masses, 2 wretched stars and a wight.

Vanquished Creatures
  A stone giant (D:9)
  A hydra (D:9)
  Erica (D:8)
  A centaur warrior (D:9)
  2 two-headed ogres
  A thrashing horror (Abyss:2)
  2 wizards (D:11)
  A worldbinder (Abyss:2)
  An ugly thing (D:9)
  A cyclops (shapeshifter) (D:9)
  4 molten gargoyles (D:9)
  A komodo dragon (D:9)
  A hellwing (Abyss:2)
  A troll (D:9)
  A slime creature (shapeshifter) (D:5)
  2 blink frogs (Abyss:2)
  6 yaks (D:6)
  3 wyverns (D:9)
  A basilisk (D:10)
  5 steam dragons
  A basilisk (shapeshifter) (D:9)
  3 vampire mosquitoes (D:6)
  A neqoxec (Abyss:2)
  Menkaure (D:7)
  3 water moccasins (D:7)
  5 orc warriors
  A black bear (shapeshifter) (D:9)
  3 black bears
  A sky beast (D:4)
  An ice beast (D:5)
  3 necrophages
  An ogre (D:6)
  4 centaurs
  Blork the orc (D:5)
  3 kobold brigands
  2 gnoll sergeants
  3 bullfrogs
  A wyvern zombie (D:5)
  12 scorpions
  8 wights
  6 howler monkeys
  A lava snake (D:9)
  4 centaur zombies
  3 human zombies (Ossuary)
  2 bullfrog zombies
  2 jellies (D:4)
  3 centaur skeletons
  4 orc priests
  3 hounds
  7 scorpion zombies (Ossuary)
  6 iguanas
  10 orc wizards
  A killer bee zombie (D:7)
  A hound skeleton (D:4)
  3 mummies (Ossuary)
  9 gnolls
  14 adders
  A white imp (D:7)
  An adder skeleton (D:4)
  5 worms
  A dart slug (D:1)
  32 orcs
  20 endoplasms
  10 giant cockroaches
  5 goblins
  9 hobgoblins
  16 jackals
  13 quokkas
  11 ball pythons
  4 bats
  16 frilled lizards
  4 goblin zombies (Ossuary)
  7 hobgoblin zombies (Ossuary)
  14 kobolds
  A kobold zombie (Ossuary)
  An orc zombie (Ossuary)
  11 rats
  A lurking horror (Abyss:2)
357 creatures vanquished.

Vanquished Creatures (collateral kills)
  A centaur zombie (D:10)
  2 komodo dragons (D:10)
  4 killer bees (D:10)
  A gnoll shaman (D:10)
  Jessica (D:3)
  2 iguanas (D:10)
  An orc wizard (D:3)
  3 gnolls (D:10)
  An endoplasm (Sewer)
  A frilled lizard (D:10)
17 creatures vanquished.

Vanquished Creatures (others)
  A fire crab (D:9)
  A wight (D:6)
  4 fungi (D:9)
  13 plants
19 creatures vanquished.

Grand Total: 393 creatures vanquished

Notes
Turn   | Place    | Note
-------+----------+-------------------------------------------
     0 | D:1      | Descartes the Troll Chaos Knight began the quest for the
                  | Orb.
     0 | D:1      | Reached XP level 1. HP: 22/22 MP: 0/0
    81 | D:1      | XOM: potion effect (berserk rage)
    84 | D:1      | Reached XP level 2. HP: 29/29 MP: 1/1
   208 | D:1      | Reached skill level 4 in Unarmed Combat
   273 | D:1      | Reached XP level 3. HP: 29/36 MP: 2/2
   306 | D:1      | Found Jufrigow's Assorted Antiques.
   492 | D:1      | XOM: cloud trail
   588 | D:2      | XOM: stealth player
   608 | D:2      | XOM: cloud trail
   632 | D:2      | Noticed a great orb of eyes
   633 | D:2      | Found a faded altar of an unknown god.
   636 | D:2      | Noticed a shining eye
   642 | D:2      | Noticed a shining eye
   662 | D:2      | XOM: potion effect (might)
   668 | D:2      | Reached skill level 5 in Unarmed Combat
   668 | D:2      | Reached XP level 4. HP: 43/44 MP: 3/3
   782 | D:2      | Found a sacrificial altar of Ru.
  1039 | D:2      | XOM is BORED!
  1039 | D:2      | XOM: noise
  1097 | D:2      | Reached XP level 5. HP: 50/50 MP: 4/4
  1318 | D:3      | XOM: fog
  1323 | D:3      | Reached skill level 6 in Unarmed Combat
  1354 | D:3      | Noticed Jessica
  1367 | D:3      | XOM: summons 5 friendly demons
  1371 | D:3      | Killed Jessica
  1429 | D:3      | Found a glowing drain.
  1448 | Sewer    | Entered a sewer
  1460 | Sewer    | Reached XP level 6. HP: 59/59 MP: 5/5
  1549 | Sewer    | Reached skill level 7 in Unarmed Combat
  1642 | Sewer    | XOM: summons friendly crimson imp
  1653 | Sewer    | XOM: smoke on damage
  1790 | D:3      | Found an iron altar of Okawaru.
  1885 | D:3      | XOM: 1-stop teleportation journey
  1965 | D:3      | Found an ornate altar of the Wu Jian Council.
  1977 | D:3      | XOM: summons 1 hostile shadow creature
  1993 | D:3      | XOM: cloud trail
  2053 | D:3      | XOM: summons 4 hostile shadow creatures
  2087 | D:4      | Reached skill level 8 in Unarmed Combat
  2087 | D:4      | Reached XP level 7. HP: 66/66 MP: 6/6
  2155 | D:4      | Found a staircase to the Ecumenical Temple.
  2164 | Temple   | Entered the Ecumenical Temple
  2260 | D:4      | Found Tauseile's Assorted Antiques.
  2273 | D:4      | Bought a scroll labelled MYTET ISINT for 21 gold pieces
  2273 | D:4      | Bought a coppery potion for 18 gold pieces
  2335 | D:1      | Bought a fizzy red potion for 22 gold pieces
  2335 | D:1      | Bought a fuming inky potion for 22 gold pieces
  2335 | D:1      | Bought a bubbling blue potion for 22 gold pieces
  2335 | D:1      | Bought a bubbling brown potion for 22 gold pieces
  2413 | D:3      | XOM: 4-stop teleportation journey
  2853 | D:4      | Reached skill level 9 in Unarmed Combat
  2923 | D:4      | XOM: 2-stop teleportation journey
  3310 | D:5      | Entered Level 5 of the Dungeon
  3371 | D:4      | Reached XP level 8. HP: 29/74 MP: 7/7
  3375 | D:5      | Found a sand-covered staircase.
  3387 | Ossuary  | Entered an ossuary
  3401 | Ossuary  | XOM: cleaving
  3427 | Ossuary  | Reached skill level 10 in Unarmed Combat
  3454 | Ossuary  | XOM: divination: detect items
  3519 | Ossuary  | XOM: enchant monster (good)
  3568 | Ossuary  | Reached skill level 5 in Dodging
  3625 | Ossuary  | Reached skill level 1 in Stealth
  3760 | D:5      | Found a shimmering blue altar of Sif Muna.
  3781 | D:5      | Reached XP level 9. HP: 72/80 MP: 8/8
  3823 | D:5      | XOM: cleaving
  3829 | D:5      | XOM: confusion
  3875 | D:5      | Noticed Blork the orc
  3887 | D:5      | Killed Blork the orc
  4011 | D:5      | Found a hazy altar of Hepliaklqana.
  4020 | D:5      | Found a faded altar of an unknown god.
  4049 | D:5      | XOM is BORED!
  4073 | D:5      | XOM: give mutations
  4073 | D:5      | Gained mutation: You occasionally shout uncontrollably at
                  | your foes. [Xom's mischief]
  4073 | D:5      | Gained mutation: You are frail. (-10% HP) [Xom's mischief]
  4110 | D:5      | Noticed a glowing shapeshifter
  4110 | D:5      | a jelly changed into a glowing shapeshifter
  4110 | D:5      | XOM: polymorph jelly -> glowing shapeshifter
  4114 | D:5      | Noticed a sea snake
  4114 | D:5      | a glowing shapeshifter changed into a sea snake
  4118 | D:5      | Noticed an eye of devastation
  4118 | D:5      | a sea snake changed into an eye of devastation
  4119 | D:5      | XOM: confusion
  4119 | D:5      | an eye of devastation changed into a redback
  4122 | D:5      | Noticed a two-headed ogre
  4122 | D:5      | a redback changed into a two-headed ogre
  4123 | D:5      | XOM: enchant monster (good)
  4145 | D:5      | Noticed a glowing orange brain
  4145 | D:5      | a swamp dragon changed into a glowing orange brain
  4151 | D:5      | Noticed a deep troll
  4151 | D:5      | a glowing orange brain changed into a deep troll
  4155 | D:5      | Noticed an anaconda
  4155 | D:5      | a deep troll changed into an anaconda
  4157 | D:5      | Noticed a boulder beetle
  4157 | D:5      | an anaconda changed into a boulder beetle
  4158 | D:5      | Noticed an alligator
  4158 | D:5      | a boulder beetle changed into an alligator
  4159 | D:5      | an alligator changed into a slime creature
  4165 | D:5      | Reached skill level 1 in Shields
  4217 | D:5      | XOM: give mutation
  4217 | D:5      | Gained mutation: You are partially covered in iridescent
                  | scales. (AC +2) [Xom's mischief]
  4613 | D:6      | Found a stormy altar of Qazlal.
  4652 | D:6      | XOM: confusion (+ monsters)
  4671 | D:6      | XOM: 6-stop teleportation journey
  4711 | D:6      | Reached XP level 10. HP: 61/79 MP: 9/9
  4728 | D:6      | Reached skill level 5 in Stealth
  4780 | D:6      | Found Kyogiwac's General Store.
  4867 | D:6      | Reached skill level 5 in Shields
  4931 | D:6      | XOM: confusion (+ monsters)
  4934 | D:6      | XOM: confusion (+ monsters)
  4935 | D:6      | XOM: noise
  4939 | D:6      | XOM: cleaving
  5556 | D:7      | Identified the +7 rapier of the Lost Suns {freeze, rElec
                  | rF- Will++}
  5618 | D:7      | Noticed Menkaure
  5623 | D:7      | Killed Menkaure
  5646 | D:7      | Found an opulent altar of Gozag.
  5709 | D:7      | Found a bloodstained altar of Trog.
  5715 | D:7      | Reached skill level 1 in Short Blades
  5882 | D:8      | XOM: enchant monster (bad)
  5883 | D:8      | XOM: silly message
  5890 | D:8      | XOM: potion effect (brilliance)
  5891 | D:8      | XOM: enchant monster (good)
  5983 | D:8      | XOM: fake destruction
  5986 | D:8      | XOM: cast spell 'Summon Ice Beast'
  6319 | D:8      | Identified the +5 chain mail of Recklessness {Int+4}
  6326 | D:8      | Noticed Erica
  6330 | D:8      | XOM: enchant monster (good)
  6333 | D:8      | XOM: fog
  6338 | D:8      | Killed Erica
  6481 | D:9      | Reached XP level 11. HP: 42/84 MP: 10/10
  6506 | D:9      | Found a staircase to the Lair.
  6527 | D:9      | XOM: fake destruction
  6662 | D:9      | XOM: summons friendly crimson imp
  6681 | D:9      | XOM: scenery: create altars
  6693 | D:9      | XOM: summons friendly iron imp
  6869 | D:9      | Noticed a two-headed ogre
  6896 | D:9      | Killed a two-headed ogre
  6928 | D:9      | Found a snail-covered altar of Cheibriados.
  6932 | D:9      | Found an ancient bone altar of Kikubaaqudgha.
  6961 | D:9      | Found a hide-covered altar of Uskayaw.
  6962 | D:9      | Found a shimmering altar of Xom.
  7001 | D:9      | XOM: scenery: create altars
  7033 | D:9      | HP: 3/84 [molten gargoyle (6)]
  7145 | D:9      | Noticed a stone giant
  7158 | D:9      | Killed a stone giant
  7161 | D:9      | XOM: silly message
  7202 | D:9      | Noticed a centaur warrior
  7207 | D:9      | Killed a centaur warrior
  7256 | D:9      | Noticed a white ugly thing
  7258 | D:9      | Reached skill level 5 in Throwing
  7258 | D:9      | Noticed a seven-headed hydra
  7266 | D:9      | XOM: polymorph white ugly thing -> red ugly thing
  7268 | D:9      | XOM: noise
  7269 | D:9      | XOM: summons 3 friendly demons
  7319 | D:9      | XOM: scenery: summon butterflies
  7327 | D:9      | Killed a red ugly thing
  7379 | D:9      | Killed a one-headed hydra
  7476 | D:9      | XOM: confuse monster(s)
  7480 | D:9      | Noticed a fire crab
  7494 | D:9      | Killed a fire crab
  7494 | D:9      | XOM: divine lightning
  7495 | D:9      | Reached skill level 1 in Long Blades
  7627 | D:9      | XOM: give mutations
  7627 | D:9      | Lost mutation: You are frail. (-10% HP) [Xom's grace]
  7627 | D:9      | Gained mutation: Your flesh is heat resistant. (rF+) [Xom's
                  | grace]
  7679 | D:9      | Found a blossoming altar of Fedhas.
  7682 | D:9      | XOM: give mutations
  7682 | D:9      | Gained mutation: You have a somewhat thin skeletal
                  | structure. (Dex +2, Stealth+) [Xom's grace]
  7682 | D:9      | Gained mutation: You are robust. (+10% HP) [Xom's grace]
  7682 | D:9      | Gained mutation: Your system is resistant to poisons.
                  | (rPois) [Xom's grace]
  7725 | D:9      | XOM: god gift: chain mail {god gift}
  7761 | D:10     | Entered Level 10 of the Dungeon
  7783 | D:10     | XOM: blink monster(s)
  7945 | D:10     | XOM: give mutations
  7945 | D:10     | Lost mutation: You are partially covered in iridescent
                  | scales. (AC +2) [Xom's mischief]
  7945 | D:10     | Gained mutation: Your body sometimes deteriorates upon
                  | taking damage. [Xom's mischief]
  7945 | D:10     | Gained mutation: You are covered in thick fur. (AC +2)
                  | [Xom's mischief]
  7945 | D:10     | Lost mutation: Your body sometimes deteriorates upon taking
                  | damage. [Xom's mischief]
  8004 | D:10     | XOM: enchant monster (bad)
  8018 | D:10     | Reached XP level 12. HP: 114/114 MP: 11/11
  8069 | D:10     | Noticed a two-headed ogre
  8078 | D:10     | Killed a two-headed ogre
  8372 | D:11     | XOM: divination: detect items
  8381 | D:11     | XOM: divination: detect creatures
  8388 | D:11     | Cast into level 2 of the Abyss (a wizard)
  8416 | Abyss:2  | XOM: enchant monster (good)
  8449 | Abyss:2  | XOM: polymorph ynoxinul -> hellwing
  8487 | Abyss:2  | Reached skill level 1 in Maces & Flails
  8512 | Abyss:2  | XOM: confuse monster(s)
  8513 | Abyss:2  | XOM: summons 2 friendly demons
  8526 | Abyss:2  | Lost intelligence.
  8529 | Abyss:2  | Noticed a starcursed mass
  8532 | Abyss:2  | HP: 1/114 [stone wall collision (5)]
  8532 | Abyss:2  | Killed from afar by a starcursed mass

Illustrated notes

Levels and vault maps discovered:
D:1:      co_arrival_random_square_maze, layout_basic, serial_shops,
          nicolae_shop_overgrown_old_shop
D:2:      minmay_thinvault, layout_rooms,
          hellmonk_ecumenical_altar_watching_god, basic_altar
D:3:      layout_loops_ring, mainiacjoe_overflow_catwalk,
          nicolae_wu_jian_wuxing_cycle, portal_sewer_entry_c, uniq_jessica
D:4:      layout_layer_cave, minmay_temple_entry_trees, serial_shops, shop
D:5:      layout_rooms, beargit_hepliaklqana_dungeon_heroes,
          amcnicky_altar_gilded, nicolae_ossuary_entry_monument,
          uniq_blork_the_orc
D:6:      layout_gridville, grunt_qazlal_clouds, serial_shops,
          kennysheep_little_box, dk_rats_in_the_wall
D:7:      layout_rooms, mainiacjoe_overflow_alcove_2, bloody_trog, uniq_menkaure
D:8:      layout_rooms, minmay_fountain_box, uniq_erica
D:9:      minmay_chopped_fan, layout_irregular_city, fedhas_altar_fruit_tree,
          grunt_temple_overflow_open, grunt_lair_entry_orc_guard_hut,
          minivault_8
D:10:     layout_rooms, minmay_lizard_king
D:11:     minmay_smoke_and_mirrors, layout_rooms
Temple:   eino_wide_crystal_templ
Abyss:2:  base: D:3, hangedman_eye_storm, hangedman_illusive_loot

Skill      XL: |  1  2  3  4  5  6  7  8  9 10 11 12 |
---------------+-------------------------------------+-----
Unarmed Combat | 4 5 6 8 9 10 | 10.0
Dodging        | 5 |  5.0
Stealth        | 2 4 5 |  5.0
Shields        | 4 7 9 |  9.4
Short Blades   | 3 4 |  4.0
Throwing       | 6 7 |  7.4
Long Blades    | 1 3 |  3.1
Maces & Flails | 1 |  1.5
Fighting       | |  2.4

Action                   |  1- 3 |  4- 6 |  7- 9 | 10-12 || total
-------------------------+-------+-------+-------+-------++-------
Melee: Unarmed           |    74 |   266 |   376 |   322 ||  1038
       Punch             |     1 |     6 |    23 |     2 ||    32
       Rapier            |       |       |       |   142 ||   142
       Scimitar          |       |       |       |    41 ||    41
       Morningstar       |       |       |       |    64 ||    64
  Use: Scroll            |       |     5 |    11 |     7 ||    23
       Potion            |       |       |     3 |     5 ||     8
 Stab: Petrifying        |       |       |     3 |       ||     3
       Petrified         |       |       |     1 |       ||     1
       Sleeping          |       |       |     4 |    11 ||    15
       Confused          |       |       |     1 |     4 ||     5
       Invisible         |       |       |       |     2 ||     2
       Distracted        |       |       |       |     2 ||     2
Armor: Robe              |    44 |   116 |   148 |    12 ||   320
       Steam dragon scal |       |       |       |   174 ||   174
Dodge: Dodged            |    36 |   118 |   245 |   281 ||   680
Block: Kite shield       |       |       |       |   329 ||   329
       Rpst.: Scimitar   |       |       |       |     1 ||     1
